 Dungeon Crawl Stone Soup version 0.18.1-48-g4cf74bf (webtiles) character file.

140 Galewin the Chopper (level 5, -6/45 HPs)
             Began as a Minotaur Berserker on July 31, 2016.
             Was a Believer of Trog.
             Shot with an arrow by a centaur (7 damage)
             ... on level 3 of the Dungeon.
             The game lasted 00:01:27 (843 turns).

Galewin the Chopper (Minotaur Berserker)             Turns: 843, Time: 00:01:28

Health: -6/45      AC:  2    Str: 23    XL:     5   Next: 2%
Magic:  4/4        EV: 12    Int:  4    God:    Trog [**....]
Gold:   90         SH:  0    Dex:  9    Spells: 0 memorised, 4 levels left

rFire  . . .     SeeInvis .     a - +0 hand axe
rCold  . . .     Gourm    .     b - +0 animal skin
rNeg   . . .     Faith    .     (no shield)
rPois  .         Spirit   .     (helmet restricted)
rElec  .         Dismiss  .     (no cloak)
rCorr  .         Reflect  .     (no gloves)
SustAt .         Harm     .     (no boots)
MR     .....                    (no amulet)
Stlth  +.........               (no ring)
                                (no ring)

@: not resistant to hostile enchantments, very unstealthy
A: retaliatory headbutt, horns 2
a: Berserk, Trog's Hand, Burn Spellbooks, Renounce Religion


You were on level 3 of the Dungeon.
You worshipped Trog.
Trog was pleased with you.
You were not hungry.

You visited 1 branch of the dungeon, and saw 3 of its levels.

You collected 90 gold pieces.

Inventory:

Hand Weapons
 a - a +0 hand axe (weapon)
Armour
 b - a +0 animal skin (worn)
Jewellery
 f - a cursed ring of teleportation {unknown}
Potions
 d - a potion of berserk rage {unknown}
 e - a potion of curing {unknown}
 g - a potion of flight {unknown}
 h - a potion of ambrosia {unknown}
 i - a potion of haste {unknown}
Comestibles
 c - 3 bread rations
 j - a chunk of flesh


   Skills:
 - Level 3.6 Fighting
 + Level 6.9 Axes
 - Level 2.4 Armour
 - Level 2.1 Dodging


You had 4 spell levels left.
You didn't know any spells.

Dungeon Overview and Level Annotations

Branches:
Dungeon (3/15)

Altars:
Trog


Innate Abilities, Weirdness & Mutations

You reflexively headbutt those who attack you in melee.
You have a pair of horns on your head.


Message History

The centaur shouts!
The centaur wields a shortbow.
The centaur shoots an arrow.
The arrow hits you!
The centaur shoots an arrow.
The arrow hits you!
A rat comes into view.
You see here 2 arrows.
The bat hits you but does no damage. The bat barely misses you.
The centaur shoots an arrow.
The arrow hits you!
* * * LOW HITPOINT WARNING * * *
You see here an arrow.
The centaur shoots an arrow.
The arrow completely misses you. The bat barely misses you.
You furiously retaliate!
You headbutt the bat.
You kill the bat!
Trog accepts your kill.
A quokka comes into view.
You see here an arrow.
The centaur shoots an arrow.
The arrow hits you!
* * * LOW HITPOINT WARNING * * *
You see here 3 arrows.
The centaur shoots an arrow.
The arrow hits you!
You die...

##. #.# #.# # .# #.#
#.# . # #.# #.#
######.#####.##
.........†.....#####
#######.###†....^...
#.# ##...#### #.#
###.....## ..#
#.@........ ###
#(#####.###
######(## #
#.....(.# #.......#
.....r...#
##....c...
#.....r.## #........


You could see a centaur, a quokka and a rat.

Vanquished Creatures
  The ghost of Situis the Ducker, an amateur DsGl (D:3)
  3 adders (D:2)
  An ooze (D:1)
  2 dart slugs
  3 giant geckos (D:2)
  7 bats
  2 goblins (D:2)
  2 kobolds
  A quokka (D:3)
  2 giant newts (D:2)
  3 rats
27 creatures vanquished.

Notes
Turn   | Place    | Note
--------------------------------------------------------------
     0 | D:1      | Galewin the Minotaur Berserker began the quest for the Orb.
     0 | D:1      | Reached XP level 1. HP: 19/19 MP: 0/0
    61 | D:1      | Reached skill level 4 in Axes
   188 | D:1      | Reached XP level 2. HP: 26/26 MP: 1/1
   387 | D:2      | Reached skill level 5 in Axes
   396 | D:2      | Reached XP level 3. HP: 27/31 MP: 2/2
   654 | D:2      | Found a bloodstained altar of Trog.
   773 | D:3      | Noticed Situis's ghost (amateur DsGl)
   781 | D:3      | Killed Situis's ghost
   781 | D:3      | Reached skill level 6 in Axes
   781 | D:3      | Reached XP level 4. HP: 39/39 MP: 3/3
   794 | D:3      | Reached XP level 5. HP: 34/45 MP: 4/4
   808 | D:3      | Reached ** piety under Trog
   838 | D:3      | Noticed a centaur
   842 | D:3      | HP: 1/45 [centaur/arrow (9)]
   843 | D:3      | Shot with an arrow by a centaur

Skill      XL: |  1  2  3 |
---------------+----------+-----
Axes           | 4 5 6 |  6.9
Fighting       | |  3.6
Armour         | |  2.4
Dodging        | |  2.1

Action                   |  1- 3 |  4- 6 || total
-------------------------+-------+-------++-------
Melee: Hand axe          |    42 |     5 ||    47
       Headbutt          |    11 |       ||    11
Invok: Berserk           |     1 |       ||     1
  Eat: Chunk             |       |     1 ||     1
Armor: Animal skin       |     5 |     1 ||     6
Dodge: Dodged            |    29 |    10 ||    39
